 Dungeon Crawl Stone Soup version 0.27-a0-1139-g28e009f8a6 (webtiles) character file.

Game seed: 7761613482752186300

7853 robertstho the Thaumaturge (level 11, -1/76 HPs)
             Began as a Djinni Ice Elementalist on May 7, 2021.
             Was an Initiate of Ashenzari.
             Slain by a two-headed ogre
             ... wielding a +0 dire flail
              (8 damage)
             ... on level 7 of the Dungeon.
             The game lasted 00:18:49 (11547 turns).

robertstho the Thaumaturge (DjIE)                  Turns: 11547, Time: 00:18:51

Health: -1/76      AC: 16    Str: 13    XL:     11   Next: 21%
Gold:   889        EV: 15    Int: 21    God:    Ashenzari [......] SH:  5 Dex: 13

rFire    + + .     SeeInvis .   A - +4 great sword (holy)
rCold    x . .     Faith    .   (shield currently unavailable)
rNeg     . . .     Spirit   .   a - +0 robe
rPois    ∞         Reflect  +   b - +2 helmet "Enigmatic Dogma" {Self, Cun} (curse)
rElec    .         Harm     .   l - +2 cloak
rCorr    +         Rampage  .   (no gloves)
Will     +....                  (boots unavailable)
Stlth    +++.......             E - amulet of reflection
HPRegen  0.22/turn              d - ring of resist corrosion
MPRegen  0.00/turn              g - +6 ring of strength

@: ice-armoured, flying
A: sickness immunity, fire resistance 2, cold vulnerability 1, float, innate
caster, hp casting, extra vitality 1
a: Renounce Religion, Curse Item, Shatter the Chains


You were on level 7 of the Dungeon.
You worshipped Ashenzari.
Ashenzari was noncommittal.
You visited 2 branches of the dungeon, and saw 8 of its levels.
You also visited: Ossuary.

You collected 1299 gold pieces.
You spent 410 gold pieces at shops.

Inventory:

Hand Weapons
 v - a +1 dagger of speed
 x - a +1 trident of venom
 y - a +0 dire flail of draining
 A - a +4 great sword of holy wrath (weapon)
Armour
 a - a +0 robe (worn)
 b - the cursed +2 helmet "Enigmatic Dogma" (worn) {Self, Cun}
   (You found it on level 1 of the Dungeon)

   It has a curse which improves the following skills: Introspection: Fighting
   and Spellcasting.
   Cunning:   Dodging and Stealth.
 l - a +2 cloak (worn)
Jewellery
 d - a ring of resist corrosion (left hand)
 g - a +6 ring of strength (right hand)
 j - a ring of protection from fire
 C - a ring of fire
 D - a ring of see invisible
 E - an amulet of reflection (around neck)
Wands
 i - a wand of mindburst (23)
 k - a wand of flame (41)
 F - a wand of acid (24)
Scrolls
 c - a scroll of brand weapon
 f - 3 scrolls of enchant armour
 n - 2 scrolls of magic mapping
 o - 2 scrolls of immolation
 q - a scroll of blinking
 t - a scroll of silence
 u - 3 scrolls of teleportation
 z - a scroll of holy word
Potions
 e - 2 potions of might
 h - a potion of resistance
 m - 3 potions of lignification
 p - a potion of cancellation
 r - 2 potions of haste
 s - 3 potions of attraction
 w - 4 potions of brilliance
 B - 5 potions of curing


   Skills:
 + Level 5.7(6.2) Fighting
 + Level 0.9(4.9) Short Blades
 + Level 7.7(7.8) Long Blades
 + Level 1.7 Maces & Flails
 + Level 5.1 Polearms
 + Level 7.0(7.6) Dodging
 + Level 4.3(4.9) Stealth
 + Level 0.2 Shields
 + Level 1.2 Unarmed Combat
 + Level 8.1(8.6) Spellcasting


You couldn't memorise any spells.
You knew the following spells:

 Your Spells              Type           Power      Damage    Failure   Level
a - Freeze                Ice            100%       1d11      1%          1
b - Frozen Ramparts       Ice            90%        1d11      1%          3
c - Ozocubu's Armour      Ice            45%        N/A       1%          3
d - Hailstorm             Conj/Ice       45%        3d10      1%          4
e - Metabolic Englaciati  Hex/Ice        22%        N/A       6%          5
f - Sting                 Tmut/Pois      100%       1d8       1%          1
g - Searing Ray           Conj           90%        3d6       1%          2
h - Corpse Rot            Necr/Air       N/A        N/A       1%          2
i - Swiftness             Air            45%        N/A       1%          3
j - Sticky Flame          Conj/Fire      45%        2d6       1%          4
Your spell library was empty.

Dungeon Overview and Level Annotations

Branches:
Dungeon (7/15)             Temple (1/1) D:5         Ossuary (visited)

Altars:
Ashenzari
Dithmenos
Fedhas
Gozag
Hepliaklqana
Kikubaaqudgha
Makhleb
Ru
Sif Muna
Uskayaw
Vehumet
Wu Jian
Xom
Yredelemnul
Zin

Shops:
D:1 !   D:3 [


Innate Abilities, Weirdness & Mutations

You are immune to sickness and miasma.
You are immune to poison.
Your flesh is very heat resistant. (rF++)
You are vulnerable to cold. (rC-)
You float through the air rather than walking.
You learn spells naturally, not from books.
Your magical power is your life essence.
You have superior vitality. (+4 HP)


Message History

Aiming: Sticky Flame (dangerous; 1% risk of failure)
Press: ? - help, Shift-Dir - straight line, f - two-headed ogre
Aim: a two-headed ogre, wielding a +0 dire flail and a +0 giant club (moderately wounded, 100% to hit)
The sticky flame hits the two-headed ogre.
The two-headed ogre is heavily wounded.
The two-headed ogre is covered in liquid flames!
The two-headed ogre burns!
The two-headed ogre hits you with a +0 dire flail!!
The two-headed ogre barely misses you.
Casting: Sticky Flame (dangerous; 1% risk of failure)
Confirm with . or Enter, or press ? or * to list all spells.
A film of ice covers your body!
The two-headed ogre burns!
The two-headed ogre hits you with a +0 dire flail.
You block the two-headed ogre's attack.
Unknown command.
You hit the two-headed ogre.
The two-headed ogre is severely wounded.
The two-headed ogre burns!
The two-headed ogre stops burning.
The two-headed ogre hits you with a +0 dire flail!
The two-headed ogre closely misses you.
A water moccasin comes into view.
Unknown command.
You hit the two-headed ogre but do no damage.
The two-headed ogre is severely wounded.
The two-headed ogre closely misses you. You block the two-headed ogre's attack.
Unknown command.
Casting: Ozocubu's Armour (safe; 1% risk of failure)
Confirm with . or Enter, or press ? or * to list all spells.
Aiming: Sticky Flame (dangerous; 1% risk of failure)
Press: ? - help, Shift-Dir - straight line, f/p - two-headed ogre
Aim: a two-headed ogre, wielding a +0 dire flail and a +0 giant club (severely wounded, 100% to hit)
The sticky flame hits the two-headed ogre!
The two-headed ogre is almost dead.
The two-headed ogre is covered in liquid flames!
* * * LOW HITPOINT WARNING * * *
The two-headed ogre burns!
The two-headed ogre hits you with a +0 dire flail!
* * * LOW HITPOINT WARNING * * *
The two-headed ogre hits you with a +0 giant club!
You die...

##......# ###
#####♣.♣##### ###
........#
♣.♣♣♣♣♣♣♣#♣♣
.......##
♣.......♣#.♣
........#. ♣♣♣
♣♣♣♣♣♣♣.♣#.♣
........#♣. ♣..
♣.♣#.. ........#
♣. ♣.♣ ♣.♣#.#
........#♣.#. ♣S♣
♣.♣##.
........#(≈≈≈)#♣O♣
♣.♣##.
......(.#.≈≈≈.).@♣
♣...).
#.#.....#[≈≈≈?#♣.♣
♣.♣##.
###.....#♣.# ♣.♣
♣.♣##. .#......#
♣.♣ ♣.♣#.#
.##.....# ♣.♣
♣.♣#.. ........#
♣.♣♣♣♣♣♣♣♣♣♣♣.♣#.♣
#.......#
♣.............♣#.♣
#......##
♣♣♣♣♣♣♣.♣♣♣♣♣♣♣#♣♣
##......# ###
####♣.♣#### ###


You could see a two-headed ogre (burning) and a water moccasin.

Vanquished Creatures
  A boulder beetle (D:7)
  A two-headed ogre (D:5)
  A deep elf pyromancer (D:7)
  The ghost of Maken the Shooter, a novice GnWn (D:6)
  A manticore (D:7)
  A gargoyle (D:7)
  The ghost of Zeld the Chucker, a novice OpFi (D:5)
  A yaktaur (D:7)
  3 trolls (D:7)
  A slime creature (D:7)
  A wraith (D:7)
  Edmund (D:5)
  3 water moccasins (D:7)
  2 sky beasts
  2 hornet zombies (D:7)
  7 ice beasts
  2 centaurs
  3 necrophages
  A kobold brigand (D:7)
  2 bullfrogs (D:7)
  A wyvern zombie (D:6)
  4 scorpions
  A water moccasin zombie (Ossuary)
  2 water moccasin skeletons (D:7)
  4 jellies (D:7)
  A centaur zombie (D:7)
  6 orc priests
  3 bullfrog skeletons
  A gnoll shaman (D:7)
  A centaur skeleton (D:6)
  5 hounds
  An orc wizard (D:5)
  An iguana (D:7)
  A killer bee zombie (D:7)
  A hound zombie (D:5)
  3 mummies
  2 howler monkey skeletons
  A gnoll (D:1)
  9 adders
  A howler monkey simulacrum (D:6)
  7 white imps
  2 adder skeletons (D:4)
  3 dart slugs
  8 orcs
  6 ball pythons
  2 bats
  6 endoplasms
  3 giant cockroaches
  3 goblins
  3 hobgoblins
  8 jackals
  14 kobolds
  4 quokkas
  3 frilled lizards
  5 rats
162 creatures vanquished.

Vanquished Creatures (others)
  5 withered plants (Ossuary)
5 creatures vanquished.

Grand Total: 167 creatures vanquished

Notes
Turn   | Place    | Note
-------+----------+-------------------------------------------
     0 | D:1      | robertstho the Djinni Ice Elementalist began the quest for
                  | the Orb.
     0 | D:1      | Reached XP level 1. HP: 15/15 MP: 0/0
    71 | D:1      | Found Zeang's Distillery.
   134 | D:1      | Reached XP level 2. HP: 7/21 MP: 0/0
   140 | D:1      | Reached skill level 4 in Spellcasting
   574 | D:1      | Reached XP level 3. HP: 13/25 MP: 0/0
   574 | D:1      | Learned a level 1 spell: Sting
  1942 | D:2      | Found a faded altar of an unknown god.
  2271 | D:3      | Reached XP level 4. HP: 24/31 MP: 0/0
  2449 | D:3      | Found Nyumest's Armour Boutique.
  2466 | D:3      | Found a sacrificial altar of Ru.
  3125 | D:4      | Reached XP level 5. HP: 22/35 MP: 0/0
  3125 | D:4      | Learned a level 2 spell: Searing Ray
  3158 | D:4      | Reached skill level 1 in Unarmed Combat
  3158 | D:4      | Reached skill level 5 in Spellcasting
  3664 | D:4      | Found an opulent altar of Gozag.
  3716 | D:4      | Reached XP level 6. HP: 33/41 MP: 0/0
  4454 | D:4      | Reached skill level 1 in Fighting
  5145 | D:5      | Entered Level 5 of the Dungeon
  5177 | D:5      | Found a staircase to the Ecumenical Temple.
  5186 | Temple   | Entered the Ecumenical Temple
  5266 | Temple   | Became a worshipper of Ashenzari the Shackled
  5344 | D:5      | Noticed a necrophage
  5345 | D:5      | Found a sand-covered staircase.
  5360 | D:5      | Killed a necrophage
  5361 | D:5      | Reached XP level 7. HP: 27/47 MP: 0/0
  5361 | D:5      | Learned a level 2 spell: Corpse Rot
  5366 | Ossuary  | Entered an ossuary
  5418 | Ossuary  | Reached skill level 1 in Polearms
  5439 | Ossuary  | Reached skill level 6 in Spellcasting
  5444 | Ossuary  | HP: 2/47 [killer bee zombie (2)]
  5459 | D:5      | Identified a scroll of acquirement
  5463 | D:5      | Acquired 961 gold pieces
  5761 | D:5      | Found a runed translucent door.
  5761 | D:5      | Noticed a two-headed ogre
  5762 | D:5      | Noticed Zeld's ghost (novice OpFi)
  5888 | D:1      | Bought a potion of might for 40 gold pieces
  5888 | D:1      | Bought a potion of degeneration for 10 gold pieces
  5888 | D:1      | Bought a potion of lignification for 30 gold pieces
  5888 | D:1      | Bought a potion of haste for 100 gold pieces
  5888 | D:1      | Bought a potion of heal wounds for 50 gold pieces
  5888 | D:1      | Bought 2 potions of curing for 60 gold pieces
  5888 | D:1      | Bought 2 potions of curing for 60 gold pieces
  5888 | D:1      | Bought a potion of flight for 30 gold pieces
  5888 | D:1      | Bought a potion of curing for 30 gold pieces
  6536 | D:5      | Found a basalt altar of Yredelemnul.
  6538 | D:5      | Noticed Edmund
  6554 | D:5      | Killed Edmund
  6555 | D:5      | Reached XP level 8. HP: 39/54 MP: 0/0
  7236 | D:5      | Killed Zeld's ghost
  7242 | D:5      | Killed a two-headed ogre
  7243 | D:5      | Reached skill level 1 in Maces & Flails
  7243 | D:5      | Reached skill level 5 in Dodging
  7243 | D:5      | Reached XP level 9. HP: 12/60 MP: 0/0
  7243 | D:5      | Learned a level 3 spell: Swiftness
  7619 | D:6      | Found a runed translucent gate.
  7620 | D:6      | Found a runed translucent gate.
  7622 | D:6      | Found a runed translucent gate.
  7980 | D:6      | Noticed Maken's ghost (novice GnWn)
  8045 | D:6      | Reached skill level 5 in Polearms
  8921 | D:6      | Reached skill level 1 in Long Blades
  8921 | D:6      | Reached skill level 7 in Spellcasting
  8927 | D:6      | Killed Maken's ghost
  9435 | D:7      | Reached XP level 10. HP: 69/69 MP: 0/0
  9723 | D:7      | Noticed a deep elf pyromancer
  9727 | D:7      | Killed a deep elf pyromancer
  9727 | D:7      | Noticed a boulder beetle
  9728 | D:7      | Reached skill level 5 in Long Blades
  9738 | D:7      | Killed a boulder beetle
  9739 | D:7      | Reached skill level 5 in Fighting
 10124 | D:7      | Found a hide-covered altar of Uskayaw.
 10255 | D:7      | Noticed a manticore
 10265 | D:7      | Killed a manticore
 10307 | D:7      | Noticed an ogre mage
 10572 | D:7      | Reached XP level 11. HP: 23/76 MP: 0/0
 10572 | D:7      | Learned a level 4 spell: Sticky Flame
 11158 | D:7      | Reached skill level 8 in Spellcasting
 11539 | D:7      | Noticed a two-headed ogre
 11547 | D:7      | Slain by a two-headed ogre

Illustrated notes

Levels and vault maps discovered:
D:1:      nagdon_arrival_double_spiral, layout_rooms, serial_shops, shop
D:2:      layout_basic, shapermc_ecumenical_altar_mp_vishouse, st_stairs_13,
          minmay_hedge_maze, solitary_fountain
D:3:      layout_rooms, general_overflow_altar, serial_shops, shop
D:4:      layout_basic, lemuel_crystal_altar
D:5:      layout_loops_cross, lemuel_doored_altar,
          minmay_temple_entry_sparse_star, nicolae_ossuary_entry_plus,
          ebering_ghost_inner_flame, minmay_liquid_box, uniq_edmund
D:6:      layout_basic, gammafunk_ghost_icy, nrook_campfire,
          minmay_chambers_of_fives
D:7:      nzn_winding_woodlands_large [nzn_winding_woodlands_5x5_open_star,
          nzn_winding_woodlands_5x15_river_crossing,
          nzn_winding_woodlands_5x5_checkerboard,
          nzn_winding_woodlands_center_triple_pond,
          nzn_winding_woodlands_15x15_boxy_spiral,
          nzn_winding_woodlands_center_pierced_h,
          nzn_winding_woodlands_5x5_cross, nzn_winding_woodlands_5x15_eye,
          nzn_winding_woodlands_5x5_three], layout_cave_pools,
          marbit_many_paths, nicolae_overflow_hidden_temple
Temple:   minmay_temple_bridge_abc

Skill      XL: |  1  2  3  4  5  6  7  8  9 10 11 |
---------------+----------------------------------+-----
Spellcasting   | 4 5 6 7 8 |  8.1
Stealth        | 2 3 4 |  4.3
Unarmed Combat | 1 |  1.2
Dodging        | 3 5 6 7 |  7.0
Fighting       | 1 2 3 5 |  5.7
Polearms       | 2 4 5 |  5.1
Maces & Flails | 1 |  1.7
Long Blades    | 3 7 |  7.7
Short Blades   | |  0.9
Shields        | |  0.2

Action                   |  1- 3 |  4- 6 |  7- 9 | 10-12 || total
-------------------------+-------+-------+-------+-------++-------
Melee: Unarmed           |    39 |       |       |       ||    39
       Dagger            |       |    38 |       |       ||    38
       Trident           |       |    37 |    87 |       ||   124
       Dire flail        |       |       |     8 |       ||     8
       Great sword       |       |       |    48 |    54 ||   102
 Cast: Freeze            |    44 |    14 |     3 |       ||    61
       Frozen Ramparts   |     1 |    17 |    11 |     7 ||    36
       Searing Ray       |       |       |     5 |       ||     5
       Hailstorm         |       |       |     9 |    34 ||    43
       Ozocubu's Armour  |       |       |     3 |     3 ||     6
       Sticky Flame      |       |       |       |     4 ||     4
Invok: Curse Item        |       |       |     1 |       ||     1
  Use: Potion            |       |     3 |     5 |       ||     8
       Scroll            |       |     3 |     1 |     1 ||     5
 Stab: Sleeping          |     3 |     5 |       |     1 ||     9
       Distracted        |       |       |     1 |     2 ||     3
       Invisible         |       |       |     1 |       ||     1
Armor: Robe              |    26 |    27 |    74 |     7 ||   134
Dodge: Dodged            |    52 |    49 |   153 |    50 ||   304
Block: Other             |       |       |       |    16 ||    16
       Reflection        |       |       |       |     1 ||     1
       Rpst.: Great sword |       |       |    13 |    12 ||    25

Table legend: (Time is in decaauts)
 A = Elapsed time spent in this place.
 B = Non-inter-level travel time spent in this place.
 C = Inter-level travel time spent in this place.
 D = Time resting spent in this place.
 E = Time spent auto-exploring this place.
 F = Levels seen in this place.
 G = Mean time per level.
                   A        B        C        D        E       F      G
               +--------+--------+--------+--------+--------+-----+--------+
         Total |  11650 |  10987 |    663 |   3212 |   6512 |   9 | 1294.4 |
       Dungeon |  11456 |  10812 |    644 |   3156 |   6440 |   7 | 1636.6 |
        Temple |    103 |     84 |     19 |      0 |     72 |   1 |  103.0 |
       Ossuary |     90 |     90 |      0 |     56 |      0 |   1 |   90.0 |
               +--------+--------+--------+--------+--------+-----+--------+

Top non-repeatable levels by time:
     D:5: 2275 daAuts
     D:6: 1977 daAuts
     D:7: 1871 daAuts
     D:4: 1648 daAuts
     D:2: 1288 daAuts
     D:3: 1279 daAuts
     D:1: 1116 daAuts
  Temple: 103 daAuts
 Ossuary: 90 daAuts
